 Dungeon Crawl Stone Soup version 0.26-a0-540-g8a0c9464d7 (webtiles) character file.

Game seed: 10302721940439357188

35 vurker the Grave Robber (level 3, -2/25 HPs)
             Began as a Gnoll Necromancer on Aug 24, 2020.
             Killed by divine providence
             ... invoked by an orc priest
              (12 damage)
             ... on level 3 of the Dungeon.
             The game lasted 00:01:23 (1561 turns).

vurker the Grave Robber (Gnoll Necromancer)         Turns: 1561, Time: 00:01:24

Health: -2/25      AC:  2    Str: 10    XL:     3   Next: 33%
Magic:  9/9        EV: 14    Int: 18    God:
Gold:   49         SH:  0    Dex: 15    Spells: 11/12 levels left

rFire    . . .     SeeInvis .   g - +2 short sword (elec)
rCold    . . .     Faith    .   (no shield)
rNeg     . . .     Spirit   .   a - +0 robe
rPois    .         Reflect  .   (no helmet)
rElec    .         Harm     .   (no cloak)
rCorr    .                      (no gloves)
MR       .....                  (no boots)
Stlth    +++.......             (no amulet)
HPRegen  0.08/turn              (no ring)
MPRegen  0.11/turn              (no ring)

@: no status effects
A: distributed training, fangs 1, strong nose
a: no special abilities


You were on level 3 of the Dungeon.
You visited 1 branch of the dungeon, and saw 3 of its levels.

You collected 49 gold pieces.

Inventory:

Hand Weapons
 g - a +2 short sword of electrocution (weapon)
   (You found it on level 1 of the Dungeon)
Armour
 a - a +0 robe (worn)
 f - a +0 pair of boots
   (You found it on level 1 of the Dungeon)
Scrolls
 b - a scroll of enchant armour {unknown}
 d - 4 scrolls of remove curse {unknown}
Potions
 c - a potion of invisibility {unknown}


   Skills:
 + Level 0.7 Fighting
 + Level 0.7 Short Blades
 + Level 0.7 Long Blades
 + Level 0.7 Axes
 + Level 0.7 Maces & Flails
 + Level 0.7 Polearms
 + Level 0.7 Staves
 + Level 0.7 Slings
 + Level 0.7 Bows
 + Level 0.7 Crossbows
 + Level 0.7 Throwing
 + Level 0.7 Armour
 + Level 4.5 Dodging
 + Level 4.1 Stealth
 + Level 0.7 Shields
 + Level 0.7 Unarmed Combat
 + Level 5.0 Spellcasting
 + Level 0.5 Conjurations
 + Level 0.5 Hexes
 + Level 0.5 Summonings
 + Level 7.1 Necromancy
 + Level 0.5 Translocations
 + Level 0.5 Transmutations
 + Level 0.5 Fire Magic
 + Level 0.5 Ice Magic
 + Level 0.5 Air Magic
 + Level 0.5 Earth Magic
 + Level 0.5 Poison Magic
 + Level 0.9 Invocations
 + Level 0.7 Evocations


You had 11 spell levels left.
You knew the following spells:

 Your Spells              Type           Power        Failure   Level
a - Pain                  Necr           ####         1%          1

Your spell library contained the following spells:

 Spells                   Type           Power        Failure   Level
 Animate Skeleton         Necr           ####..       1%          1
 Vampiric Draining        Necr           ####......   2%          3
 Animate Dead             Necr           ####......   7%          4
 Agony                    Necr           ####....     21%         5


Dungeon Overview and Level Annotations

Branches:
Dungeon (2/15)

Altars:
Wu Jian


Innate Abilities, Weirdness & Mutations

Your experience applies equally to all skills.
You have very sharp teeth.
Your uncanny sense of smell can sniff out nearby items.


Message History

You hear an angry hiss.
A goblin comes into view.
A goblin is nearby!
The goblin shouts!
The goblin barely misses you.
You closely miss the goblin. The goblin completely misses you.
The goblin closely misses you.
You closely miss the goblin.
A frilled lizard comes into view.
The goblin hits you.
You hit the goblin.
You kill the goblin!
You closely miss the frilled lizard. The frilled lizard bites you.
You hit the frilled lizard.
You kill the frilled lizard!
No target in view!
No target in view!
No target in view!
No target in view!
No target in view!
No target in view!
No target in view!
No target in view!
Things that are here:
a +0 club; a hobgoblin corpse
Found a stone staircase leading down.
Found a scroll labeled WYIJAE HUBYGH.
Found an ornate altar of the Wu Jian Council.
An orc comes into view. It is wielding a +0 short sword.
An orc is nearby!
An orc is nearby!
An orc and an orc priest come into view.
An orc comes into view.
The orc shouts!
The orc priest shouts!
The orc priest calls down the wrath of Beogh upon you.
You barely resist.
The orc shouts!
An orc comes into view. It is wielding a +0 dagger.
The orc priest mumbles some strange prayers to Beogh against you.
You barely resist.
The orc shouts! x2
The orc hits you but does no damage. The orc barely misses you.
The orc priest hits you with a +0 war axe!
You hit the orc priest. Your bite misses the orc priest.
The orc barely misses you. The orc completely misses you.
The orc priest hits you with a +0 war axe!
* * * LOW HITPOINT WARNING * * *
The orc priest calls down the wrath of Beogh upon you.
Beogh smites you!
You die...

#...##..(.# #...##....#
#.+........^# #.#........#
#.#........###### ##
###.#......†.##...# .
#...#...#.#####...# #.
#.......#####...# #..
#.##.@o.o.o.#...#
###.###.)..######o#...#####.
#......###...# #.#_.o......
#.#........#.####o.........#
####.#####.#....o.##.....#
#.............?........
######.##......########
.......>...........
##########...######


You could see an orc priest and 3 orcs.

Vanquished Creatures
  A dart slug (D:1)
  3 bats (D:1)
  9 goblins
  5 hobgoblins
  3 jackals (D:1)
  4 kobolds (D:1)
  2 frilled lizards
  A rat (D:1)
28 creatures vanquished.

Notes
Turn   | Place    | Note
-------+----------+-------------------------------------------
     0 | D:1      | vurker the Gnoll Necromancer began the quest for the Orb.
     0 | D:1      | Reached XP level 1. HP: 13/13 MP: 6/6
   335 | D:1      | Reached XP level 2. HP: 19/19 MP: 5/7
   759 | D:1      | Reached XP level 3. HP: 24/25 MP: 6/9
   944 | D:1      | Reached skill level 5 in Spellcasting
  1494 | D:2      | You fall into a shaft and drop 1 floor!
  1540 | D:3      | Found an ornate altar of the Wu Jian Council.
  1561 | D:3      | Killed from afar by an orc priest

Illustrated notes

Levels and vault maps discovered:
D:1:      ncdulo_smallfort, layout_basic
D:2:      layout_loops_ring, fedhas_altar_4,
          chequers_ecumenical_altar_simple_redux, minmay_puff
D:3:      kennysheep_six_static_rooms, layout_basic, overflow_temple_1_default,
          tgw_sif, nicolae_overflow_crystal_walls, overflow_temple_1_default,
          grunt_ministairs_1, uniq_ijyb

Skill      XL: |  1  2  3 |
---------------+----------+-----
Spellcasting   | 5 |  5.0
Fighting       | |  0.7
Short Blades   | |  0.7
Long Blades    | |  0.7
Axes           | |  0.7
Maces & Flails | |  0.7
Polearms       | |  0.7
Staves         | |  0.7
Slings         | |  0.7
Bows           | |  0.7
Crossbows      | |  0.7
Throwing       | |  0.7
Armour         | |  0.7
Dodging        | |  4.5
Stealth        | |  4.1
Shields        | |  0.7
Unarmed Combat | |  0.7
Conjurations   | |  0.5
Hexes          | |  0.5
Summonings     | |  0.5
Necromancy     | |  7.1
Translocations | |  0.5
Transmutations | |  0.5
Fire Magic     | |  0.5
Ice Magic      | |  0.5
Air Magic      | |  0.5
Earth Magic    | |  0.5
Poison Magic   | |  0.5
Invocations    | |  0.9
Evocations     | |  0.7

Action                   || total
-------------------------++-------
Melee: Unarmed           ||     2
       Short sword       ||     6
       Dagger            ||     5
 Cast: Pain              ||    36
Armor: Robe              ||     1
Dodge: Dodged            ||    14

Table legend: (Time is in decaauts)
 A = Elapsed time spent in this place.
 B = Non-inter-level travel time spent in this place.
 C = Inter-level travel time spent in this place.
 D = Time resting spent in this place.
 E = Time spent auto-exploring this place.
 F = Levels seen in this place.
 G = Mean time per level.
                   A        B        C        D        E       F      G
               +--------+--------+--------+--------+--------+-----+--------+
         Total |   1557 |   1502 |     55 |      0 |   1352 |   3 |  519.0 |
       Dungeon |   1557 |   1502 |     55 |      0 |   1352 |   3 |  519.0 |
               +--------+--------+--------+--------+--------+-----+--------+

Top non-repeatable levels by time:
     D:1: 1471 daAuts
     D:3: 67 daAuts
     D:2: 18 daAuts
